 Dungeon Crawl Stone Soup version 0.29-a0-25-g7f48f510a0 (webtiles) character file.

Game seed: 5691308786462563931

673906 Strewth the Acrobat (level 27, -12/261 HPs)
             Began as a Minotaur Berserker on Jan 27, 2022.
             Was the Champion of Trog.
             Killed from afar by a storm dragon (29 damage)
             ... with a bolt of lightning
             ... on level 3 of the Realm of Zot on Jan 31, 2022.
             The game lasted 04:30:16 (67083 turns).

Strewth the Acrobat (Minotaur Berserker)           Turns: 67083, Time: 04:30:18

Health: -12/261    AC: 29    Str: 37    XL:     27
Magic:  34/34      EV: 19    Int:  4    God:    Trog [******]
Gold:   3467       SH: 35    Dex:  9    Spells: 26/26 levels left

rFire   + + .      SeeInvis +   y - +8 demon whip (freeze)
rCold   + . .      Faith    .   z - +8 tower shield {AC+3}
rNeg    + + .      Spirit   .   Q - +1 faerie dragon scales {rN+ rCorr MP+10 Slay+5}
rPois   .          Reflect  +   f - +0 mask of the Dragon {Will+ Slay+3 SInv}
rElec   .          Harm     .   j - +1 cloak {Will+}
rCorr   +          Rampage  +   O - +2 pair of gloves {Str+3}
Will    +++++                   u - +2 pair of boots {rampage}
Stlth   ++++......              L - amulet of the Seven Wishes {Reflect +Inv rF++ Regen+ Dex-5 SH+5}
HPRegen 2.33/turn               Y - ring of Odwyupoaga {rF- rCorr Slay+5 SInv}
MPRegen 0.24/turn               c - ring "Feriu" {rF+ rC+ rN+ Str+2 SInv}

@: strong-willed, on berserk cooldown, regenerating, slowed, studying 3 skills,
very slow
A: horns 2, retaliatory headbutt, iridescent scales 1, agile 1, sense
surroundings 1, weak 1
}: 4/15 runes: decaying, serpentine, slimy, silver
a: Renounce Religion, Evoke Invisibility, Berserk, Trog's Hand, Brothers in Arms


You were on level 3 of the Realm of Zot.
You worshipped Trog.
Trog was exalted by your worship.
You visited 11 branches of the dungeon, and saw 53 of its levels.
You visited the Abyss 1 time.
You also visited: Bailey, Gauntlet, Ice Cave and Wizlab.

You collected 7961 gold pieces.
You spent 4494 gold pieces at shops.

Inventory:

Hand Weapons
 y - a +8 demon whip of freezing (weapon)
 N - the +11 hunting sling "Concordance" {freeze, Str+2 Int+4}
   (You bought it in a shop on level 2 of the Orcish Mines)

   Any ammunition fired from it freezes those it strikes, dealing additional
   cold damage.
   It can also slow down cold-blooded creatures.
   Str:       It affects your strength (+2).
   Int:       It affects your intelligence (+4).
Missiles
 a - 236 sling bullets
 S - 11 silver javelins
Armour
 f - the +0 mask of the Dragon (worn) {Will+ Slay+3 SInv}
   (You found it on level 8 of the Dungeon)

   Slay:      It affects your accuracy & damage with ranged weapons and melee
   (+3).
   SInv:      It lets you see invisible.
   Will:      It increases your willpower.
 j - a +1 cloak of willpower (worn)
 u - a +2 pair of boots of rampaging (worn)
 z - a +8 tower shield of protection (worn)
 F - a scarf of resistance
 O - a +2 pair of gloves of strength (worn)
 Q - the +1 faerie dragon scales (worn) {rN+ rCorr MP+10 Slay+5}
   (You took it off the Enchantress on level 2 of the Depths)

   Slay:      It affects your accuracy & damage with ranged weapons and melee
   (+5).
   rN:        It protects you from negative energy.
   MP:        It affects your magic capacity (+10).
   rCorr:     It protects you from acid and corrosion.
Jewellery
 c - the ring "Feriu" (right hand) {rF+ rC+ rN+ Str+2 SInv}
   (You took it off a vault warden on level 5 of the Vaults)

   [ring of protection from fire]

   Str:       It affects your strength (+2).
   rF:        It protects you from fire.
   rC:        It protects you from cold.
   rN:        It protects you from negative energy.
   SInv:      It lets you see invisible.
 t - the ring of Qivoasug {Fly rPois rN+ Dex+3}
   (You found it on level 3 of the Depths)

   [ring of flight]

   Dex:       It affects your dexterity (+3).
   rPois:     It protects you from poison.
   rN:        It protects you from negative energy.
   Fly:       It grants you flight.
 K - the ring of Ekuat {rF+ rC+ Will+ MP+9}
   (You acquired it in a bailey)

   [ring of magical power]

   rF:        It protects you from fire.
   rC:        It protects you from cold.
   MP:        It affects your magic capacity (+9).
   Will:      It increases your willpower.
 L - the amulet of the Seven Wishes (around neck) {Reflect +Inv rF++ Regen+ Dex-5 SH+5}
   (You found it on level 15 of the Dungeon)

   [amulet of reflection]

   It reflects blocked missile attacks.
   Dex:       It affects your dexterity (-5).
   rF:        It greatly protects you from fire.
   +Inv:      It lets you turn invisible.
   Regen:     It increases your rate of health regeneration.
   SH:        It affects your SH (+5).
 Y - the ring of Odwyupoaga (left hand) {rF- rCorr Slay+5 SInv}
   (You bought it in a shop on level 3 of the Snake Pit)

   [ring of see invisible]

   Slay:      It affects your accuracy & damage with ranged weapons and melee
   (+5).
   rF:        It makes you vulnerable to fire.
   SInv:      It lets you see invisible.
   rCorr:     It protects you from acid and corrosion.
Wands
 p - a wand of digging (45)
 q - a wand of iceblast (73)
 s - a wand of polymorph (17)
 E - a wand of charming (18)
 W - a wand of paralysis (34)
Scrolls
 g - 5 scrolls of brand weapon
 m - 35 scrolls of teleportation
 w - 8 scrolls of immolation
 B - 7 scrolls of fog
 G - 13 scrolls of fear
 H - 9 scrolls of torment
 I - 4 scrolls of summoning
 R - 4 scrolls of magic mapping
 T - 5 scrolls of blinking
 V - 2 scrolls of holy word
 Z - 4 scrolls of silence
Potions
 b - 13 potions of haste
 d - 5 potions of invisibility
 i - 7 potions of flight
 k - 11 potions of ambrosia
 l - 4 potions of magic
 o - 4 potions of resistance
 r - 17 potions of curing
 v - 3 potions of cancellation
 x - 9 potions of might
 A - 8 potions of lignification
 C - 2 potions of mutation
 U - 14 potions of heal wounds
Miscellaneous
 e - a phantom mirror
 h - a tin of tremorstones (2/2)
 D - a phial of floods
 P - a box of beasts
 X - a condenser vane


   Skills:
 + Level 24.3 Fighting
 - Level 6.2(11.8) Axes
 - Level 15.5(16.0) Maces & Flails
 - Level 12.4(13.1) Slings
 - Level 6.1(9.6) Throwing
 + Level 24.1 Armour
 + Level 24.9 Dodging
 + Level 11.4 Stealth
 + Level 24.4 Shields
 + Level 3.5 Invocations
 + Level 20.2 Evocations


You had 26 spell levels left.
You didn't know any spells.
Your spell library was empty.

Dungeon Overview and Level Annotations

Branches:
Dungeon (15/15)            Temple (0/1) D:5            Lair (6/6) D:8
  Swamp (4/4) Lair:3        Snake (4/4) Lair:4        Slime (5/5) Lair:5
    Orc (2/2) D:9             Elf (3/3) Orc:2        Vaults (5/5) D:13
  Crypt (2/3) Vaults:2     Depths (4/4) D:15            Zot (3/5) Depths:4
 Bailey (visited)           IceCv (visited)          WizLab (visited)
Gauntlet (visited)

Altars:
Cheibriados
Fedhas
Gozag
Kikubaaqudgha
Ru
Uskayaw
Vehumet
Xom
Zin
The Shining One
Beogh
Jiyva
Lugonu

Shops:
D:2 =   D:4 [   D:6 [   D:7 *   D:8 ?   D:13 ?   Orc:2 ((:([   Elf:1 !
Elf:2 :   Snake:3 :=:   Snake:4 [   Vaults:1 [   Depths:1 [*

Portals:
Hell: Depths:1 Depths:2 Depths:3 Depths:4
Abyss: Depths:1 Depths:2 Depths:3 Depths:4
Pandemonium: Depths:1 Depths:2
Ziggurat: Depths:1
Trove: D:12 (give horn of Geryon)

Annotations:
Lair:5 1 runed translucent door
Depths:4 4 runed translucent doors


Innate Abilities, Weirdness & Mutations

You have a pair of horns on your head.
You reflexively headbutt those who attack you in melee.
You are partially covered in iridescent scales. (AC +2)
You are agile. (Dex +2)
You passively map a small area around you.
You are weak. (Str -2)


Message History

The electric golem blinks!
You block the black draconian's attack.
You block the quicksilver dragon's attack.
The quicksilver dragon claws you but does no damage.
The black draconian completely misses you.
The tentacled monstrosity closely misses you.
You block the tentacled monstrosity's attack.
The tentacled monstrosity tentacle-slaps you.
* * * LOW HITPOINT WARNING * * *
The tentacled monstrosity grabs you.
The tentacled monstrosity constricts you.
You escape the tentacled monstrosity's grasp.
You feel extremely sick.
You feel your anger nearly subside.
You feel extremely sick.
The electric golem blinks!
You block the quicksilver dragon's attack. x2
The white draconian stormcaller breathes frost at you.
The blast of cold hits you! You resist.
* * * LOW HITPOINT WARNING * * *
You feel extremely sick.
You block the quicksilver dragon's attack. x2
The purple draconian breathes dispelling energy at you.
The bolt of dispelling energy hits you!
* * * LOW HITPOINT WARNING * * *
Your blood rage is quickly leaving you.
You are no longer berserk.
You are exhausted.
You feel yourself slow down.
* * * LOW HITPOINT WARNING * * *
You feel extremely sick.
The storm dragon breathes lightning at you.
The bolt of lightning hits the storm dragon.
The storm dragon completely resists.
The bolt of lightning misses you.
You feel better.
You block the quicksilver dragon's attack.
The quicksilver dragon barely misses you.
You block the quicksilver dragon's attack. x2
The black draconian rages.
The storm dragon breathes lightning at you.
The bolt of lightning hits you!!
You die...

* ** #* , * * ..## * * *
....## , , ,......### , , , *
#.....### , . * #######
#..##.[(## ,, .. ,
*#.....###...<##..## ...
#.D@........)###..## ....
##d.#........## ##..#
.....####.dD#####.....####...
* ......)..dX.###
###....#....? ,
..(((.)q...(..#####..........
..(≈≈≈§≈..§9.9..##.#.........
,
≈≈≈≈≈≈≈§§§D.§q..#.#..........
≈≈≈.(.§.§≈§≈§...†#..........#
≈
≈....#.§§§≈≈≈§.....).......##


You could see an electric golem, a tentacled monstrosity, a black draconian
knight, 2 storm dragons, 2 draconians, a purple draconian (catching breath) and
a quicksilver dragon (berserk).

Vanquished Creatures
  Dissolution (Slime:3)
  the Royal Jelly (Slime:5)
  4 dread liches
  An orb of fire (Zot:2)
  The ghost of badatthis the Slayer, a master DjCj of Makhleb (Zot:1)
  A juggernaut (Depths:3)
  Frederick (Depths:4)
  Margery (Vaults:5)
  Vashnia (Snake:2)
  3 curse toes
  Saint Roka (Elf:3)
  6 caustic shrikes
  6 golden dragons
  the Enchantress (Depths:2)
  5 bone dragons (Depths:4)
  3 electric golems (Zot:1)
  A Hell Sentinel (Abyss:2)
  Jorgrun (Snake:3)
  2 walking crystal tomes (Zot:1)
  17 tentacled monstrosities
  2 titans
  4 liches
  A walking earthen tome (Zot:1)
  3 deep elf master archers (Elf:3)
  25 acid blobs
  4 deep elf blademasters
  7 quicksilver dragons
  5 death cobs
  9 sphinxes
  4 ancient champions
  8 tengu reavers
  The ghost of dolemite99 the Impaler, an adept DsBe of Trog (Snake:4)
  10 shadow dragons
  A draconian monk (Depths:4)
  The ghost of mitch45678 the Nimble, an adept GnMo of Okawaru (Snake:4)
  10 rockslimes
  6 azure jellies
  Donald (Vaults:3)
  Kirke (D:15)
  9 fire giants
  Roxanne (Snake:4)
  The ghost of Gonliqab the Tortoise, a journeyman MiFi of Makhleb (Snake:4)
  4 narguns (Zot:1)
  4 nagarajas
  12 storm dragons
  14 frost giants
  An iron dragon (Vaults:5)
  3 revenants (Crypt:1)
  An azure jelly (shapeshifter) (Vaults:5)
  3 draconian knights
  11 deep elf sorcerers
  The ghost of Xusyipar the Brawler, a journeyman DrTm of Wu Jian (D:14)
  A balrug (Depths:2)
  3 orc warlords
  3 draconian scorchers
  2 draconian shifters (Zot:2)
  20 vault wardens
  A caustic shrike zombie (Crypt:1)
  7 deep elf elementalists (Elf:3)
  Louise (Snake:2)
  Aizul (Snake:2)
  3 draconian stormcallers
  2 draconian annihilators (Zot:2)
  4 ghouls (Crypt:1)
  15 quicksilver oozes
  24 ironbound preservers
  9 spriggan defenders
  3 ironbound thunderhulks
  A reaper (Depths:2)
  A broodmother (shapeshifter) (Vaults:2)
  11 green draconians
  45 very ugly things
  3 black draconians (Depths:4)
  5 vampire knights
  Azrael (D:15)
  13 stone giants
  2 eleionomae
  A minotaur (Gauntlet)
  7 deep elf demonologists
  6 yellow draconians
  11 deep elf annihilators
  3 entropy weavers
  5 red draconians
  The ghost of Taemyero the Demon Slayer, a journeyman HuFi of the Shining One (D:12)
  8 purple draconians
  7 bunyips (Swamp:1)
  8 dire elephants
  3 spark wasps (Depths:1)
  9 white draconians
  Snorg (D:11)
  12 ettins
  4 eidola (Crypt:2)
  Josephine (Lair:5)
  A green death (Depths:2)
  21 yaktaur captains
  9 deep elf death magi
  A shambling mangrove (Swamp:4)
  9 deep elf high priests
  7 jiangshi
  9 great orbs of eyes
  30 hydras
  38 vault guards
  8 fire dragons
  5 ice dragons
  6 boulder beetles
  14 naga warriors
  5 rakshasas
  6 salamander tyrants
  3 ogre magi
  A peacekeeper (Vaults:4)
  8 spriggan air magi
  Erica (Lair:1)
  14 anacondas
  4 ghost crabs
  12 centaur warriors
  2 death knights
  9 two-headed ogres
  14 ironbound frosthearts
  7 alligators
  8 tengu warriors
  10 deep troll shamans
  6 vampire magi
  6 satyrs (Depths:2)
  4 orc high priests
  8 deep troll earth magi
  24 dancing weapons
  4 shock serpents
  8 spriggan berserkers
  13 naga sharpshooters
  2 hell knights (Vaults:5)
  20 deep elf knights
  7 soul eaters
  8 skeletal warriors (Crypt:1)
  5 sixfirhies
  7 salamander mystics
  3 shadow wraiths
  11 iron trolls
  A spark wasp zombie (Depths:1)
  2 sea snakes (Snake:2)
  2 flayed ghosts
  9 goliath frogs
  8 swamp dragons
  6 bog bodies
  3 spriggan druids
  A glowing orange brain (Depths:1)
  14 lindwurms
  2 bunyip skeletons (Crypt:1)
  5 naga ritualists
  57 deep trolls
  A sphinx zombie (Depths:1)
  20 wizards
  16 ironbound convokers
  47 deep elf pyromancers
  2 lindwurms (shapeshifter)
  14 deep elf archers
  2 orange crystal statues
  12 phantasmal warriors
  4 orc knights
  4 harpies (Vaults:1)
  2 iron dragon zombies (Depths:1)
  8 mana vipers
  9 necromancers
  A wolf spider zombie (D:15)
  A spriggan simulacrum (Abyss:2)
  4 orc sorcerers
  19 deep elf zephyrmancers
  A mana viper (shapeshifter) (Depths:1)
  A wolf spider (Depths:2)
  7 cyclopes
  6 will-o-the-wisps
  A goliath frog skeleton (Crypt:2)
  A cyclops (shapeshifter) (Vaults:5)
  2 manticores
  4 shining eyes
  10 moths of wrath
  13 salamanders
  44 ugly things
  2 fauns (Depths:2)
  6 large abominations
  21 elephants
  A black mamba (shapeshifter) (Vaults:5)
  An ice statue (Gauntlet)
  An eye of devastation (shapeshifter) (Vaults:4)
  3 guardian serpents
  2 torpor snails
  32 black mambas
  20 naga magi
  A gargoyle (D:12)
  21 vault sentinels
  A stone giant skeleton (Crypt:1)
  An orange demon (Depths:2)
  A torpor snail (shapeshifter) (Vaults:5)
  A smoke demon (Depths:2)
  18 cane toads
  A hellwing (Depths:2)
  A kobold demonologist (D:13)
  A demonic crawler (Depths:2)
  An efreet (D:15)
  2 unseen horrors
  A redback zombie (D:15)
  6 freezing wraiths
  9 komodo dragons
  23 rime drakes
  A swamp worm zombie (Crypt:1)
  30 yaktaurs
  An ice devil (Depths:2)
  An entropy weaver simulacrum (D:15)
  2 anaconda simulacra (D:15)
  6 trolls
  2 ancient zymes (Abyss:2)
  6 tengu conjurers
  A queen bee (Lair:2)
  31 polar bears
  A grey draconian skeleton (Crypt:2)
  A meliai (D:13)
  20 hornets
  A sphinx simulacrum (Depths:1)
  A wolf spider simulacrum (D:15)
  A dream sheep (Lair:6)
  A harpy skeleton (Abyss:2)
  9 raiju
  108 slime creatures
  A raiju (shapeshifter) (D:14)
  6 tyrant leeches
  12 blink frogs
  9 flying skulls
  A snapping turtle (shapeshifter) (Depths:4)
  2 black mamba zombies (Crypt:1)
  3 shadows
  Sigmund (D:2)
  11 wraiths
  2 ynoxinuls (Abyss:2)
  7 wyverns
  A yak (shapeshifter) (Depths:2)
  19 spriggans
  7 starcursed masses (Abyss:2)
  A naga simulacrum (Crypt:1)
  4 air elementals
  4 water elementals
  3 hogs (D:15)
  5 basilisks
  24 yaks
  10 fire elementals
  15 golden eyes
  4 humans (D:13)
  3 minotaur simulacra
  6 redbacks
  8 steam dragons
  9 vampire mosquitoes
  A neqoxec (Depths:2)
  2 harpy simulacra
  A chaos spawn (Depths:2)
  7 wargs
  4 acid dragons
  46 nagas
  A swamp worm (shapeshifter) (Depths:2)
  17 swamp worms
  15 water moccasins
  Duvessa (D:7)
  2 floating eyes (Depths:3)
  A demonspawn skeleton (Crypt:1)
  A faun skeleton (Crypt:1)
  13 hell hounds
  A hornet zombie (Crypt:1)
  8 swamp drakes
  3 sky beasts
  14 black bears
  47 orc warriors
  4 small abominations
  2 ice beasts
  4 necrophages
  14 ogres
  A blink frog zombie (Crypt:2)
  10 centaurs
  A lindwurm skeleton (Crypt:2)
  A boggart (Vaults:3)
  A phantom (Depths:2)
  A swamp dragon zombie (Abyss:2)
  A manticore skeleton (Crypt:2)
  14 wolves
  A rime drake zombie (Crypt:2)
  2 elf zombies (D:7)
  3 kobold brigands
  A gnoll sergeant (D:7)
  21 bullfrogs
  2 earth elementals (Elf:3)
  A deep troll simulacrum (D:15)
  4 scorpions
  An elf skeleton (D:7)
  A water moccasin skeleton (D:5)
  Dowan (D:7)
  23 killer bees
  A lindwurm simulacrum (D:15)
  6 wights
  14 electric eels
  3 howler monkeys (D:10)
  A lava snake (D:8)
  3 jellies
  3 hounds
  A human zombie (D:7)
  11 orc priests
  6 centaur skeletons
  A gnoll shaman (D:7)
  A human skeleton (D:7)
  6 iguanas
  2 iron imps
  33 orc wizards
  4 hell rats (Lair:6)
  A dwarf zombie (Crypt:1)
  A hound zombie (Crypt:2)
  A howler monkey zombie (D:8)
  13 gnolls
  10 adders
  3 shadow imps
  5 white imps
  An ufetubus (D:10)
  2 adder zombies
  A lava snake skeleton (Crypt:1)
  A barachi skeleton (Crypt:2)
  2 dart slugs
  2 worms (D:4)
  105 orcs
  8 bats
  A bat zombie (Crypt:2)
  7 endoplasms
  3 giant cockroaches
  17 goblins
  16 hobgoblins
  4 jackals (D:3)
  14 kobolds
  3 quokkas
  5 ball pythons
  6 frilled lizards
  A goblin zombie (Crypt:1)
  An orc zombie (D:7)
  6 rats
  A rat skeleton (Crypt:2)
2475 creatures vanquished.

Vanquished Creatures (collateral kills)
  A deep elf sorcerer (Elf:3)
  A deep elf elementalist (Elf:3)
  A draconian shifter (Zot:2)
  A stone giant (Vaults:5)
  A vault guard (D:13)
  A deep elf knight (Elf:3)
  A salamander (Snake:2)
  4 humans (D:13)
11 creatures vanquished.

Vanquished Creatures (others)
  Asterion (Snake:3)
  The ghost of Zonian the Spry, an adept DjIE of Makhleb (Snake:4)
  An ironbound preserver (Vaults:3)
  4 deep elf knights
  A wizard (D:15)
  A hornet (Swamp:4)
  3 spriggans
  A human (D:13)
  A steam dragon (Swamp:4)
  An orc warrior (Depths:3)
  An orc (Depths:3)
  3 ball lightnings (Snake:4)
  29 foxfires
  30 fungi
  74 plants
152 creatures vanquished.

Grand Total: 2638 creatures vanquished

Notes
Turn   | Place    | Note
-------+----------+-------------------------------------------
     0 | D:1      | Strewth the Minotaur Berserker began the quest for the Orb.
     0 | D:1      | Reached XP level 1. HP: 19/19 MP: 0/0
   235 | D:1      | Reached XP level 2. HP: 27/27 MP: 1/1
   236 | D:1      | Found a faded altar of an unknown god.
  1178 | D:2      | Reached ** piety under Trog
  1179 | D:2      | Reached XP level 3. HP: 33/33 MP: 2/2
  1492 | D:2      | Reached XP level 4. HP: 41/41 MP: 3/3
  1492 | D:2      | Upgraded the game from 0.29-a0-8-g0446c0dae4 to
                  | 0.29-a0-9-g022ca4c890
  1554 | D:2      | Found Okydu Gah's Jewellery Emporium.
  1695 | D:2      | Reached skill level 5 in Axes
  1843 | D:2      | Noticed Sigmund
  1863 | D:2      | Killed Sigmund
  1864 | D:2      | Reached skill level 1 in Stealth
  1864 | D:2      | Reached XP level 5. HP: 47/47 MP: 4/4
  1864 | D:2      | Reached XP level 6. HP: 53/53 MP: 5/5
  2124 | D:2      | Upgraded the game from 0.29-a0-9-g022ca4c890 to
                  | 0.29-a0-11-ga75d3d97ab
  2263 | D:3      | Reached *** piety under Trog
  2765 | D:4      | Reached skill level 5 in Fighting
  2912 | D:4      | You fall into a shaft and drop 1 floor!
  2912 | D:5      | Entered Level 5 of the Dungeon
  2997 | D:4      | Found Nijoobb's Antique Armour Boutique.
  3269 | D:4      | Reached skill level 5 in Armour
  3269 | D:4      | Reached XP level 7. HP: 61/61 MP: 6/6
  3377 | D:4      | Upgraded the game from 0.29-a0-11-ga75d3d97ab to
                  | 0.29-a0-22-gbf593b16ee
  3848 | D:5      | Reached skill level 5 in Dodging
  3848 | D:5      | Reached XP level 8. HP: 56/71 MP: 7/7
  3888 | D:5      | Found a staircase to the Ecumenical Temple.
  4185 | D:5      | Found a radiant altar of Vehumet.
  4189 | D:5      | Found a hide-covered altar of Uskayaw.
  4190 | D:5      | Found a glowing silver altar of Zin.
  4190 | D:5      | Found a blossoming altar of Fedhas.
  4191 | D:5      | Found a glowing golden altar of the Shining One.
  4191 | D:5      | Found an ancient bone altar of Kikubaaqudgha.
  4192 | D:5      | Found a sacrificial altar of Ru.
  4470 | D:6      | Reached skill level 1 in Shields
  4470 | D:6      | Found Aciyqot's Antique Armour Shoppe.
  4701 | D:6      | Reached **** piety under Trog
  4951 | D:6      | Reached XP level 9. HP: 81/81 MP: 8/8
  5339 | D:7      | Noticed Duvessa
  5347 | D:7      | Killed Duvessa
  5348 | D:7      | Noticed Dowan
  5357 | D:7      | Killed Dowan
  5642 | D:7      | Found a snail-covered altar of Cheibriados.
  5645 | D:7      | Found Ixischael's General Store.
  5898 | D:7      | Reached skill level 10 in Armour
  5982 | D:7      | Noticed a five-headed hydra
  5993 | D:7      | Killed a five-headed hydra
  6004 | D:7      | Noticed an unseen horror
  6018 | D:7      | HP: 2/85 [slime creature (10)]
  6025 | D:7      | Killed an unseen horror
  6026 | D:7      | Reached skill level 10 in Fighting
  6026 | D:7      | Reached XP level 10. HP: 14/93 MP: 9/9
  6408 | D:7      | Noticed a cyclops
  6417 | D:7      | Killed a cyclops
  6468 | D:7      | Reached skill level 1 in Maces & Flails
  7170 | D:8      | Found a staircase to the Lair.
  7250 | D:8      | Reached skill level 5 in Maces & Flails
  7494 | D:8      | Found Rusag's Magic Scroll Shop.
  7666 | D:8      | Bought a scroll of teleportation for 36 gold pieces
  7666 | D:8      | Bought a scroll of teleportation for 36 gold pieces
  7666 | D:8      | Bought a scroll of identify for 24 gold pieces
  7666 | D:8      | Bought a scroll of fear for 42 gold pieces
  7666 | D:8      | Bought a scroll of teleportation for 36 gold pieces
  7666 | D:8      | Bought a scroll of torment for 90 gold pieces
  7666 | D:8      | Bought a scroll of enchant armour for 90 gold pieces
  7666 | D:8      | Bought a scroll of teleportation for 36 gold pieces
  7952 | D:8      | Found a runed translucent door.
  7952 | D:8      | Found the +0 mask of the Dragon {Will+ Slay+3 SInv}
  8646 | D:8      | Found a runed translucent gate.
  8646 | D:8      | Found a runed translucent gate.
  8646 | D:8      | Found a runed translucent gate.
  8646 | D:8      | Found a runed translucent gate.
  8646 | D:8      | Found a runed translucent gate.
  8646 | D:8      | Found a runed translucent gate.
  8646 | D:8      | Noticed a lindwurm
  8646 | D:8      | Noticed a boulder beetle
  8646 | D:8      | Noticed a boulder beetle
  8988 | D:9      | Found a staircase to the Orcish Mines.
  9167 | D:9      | Found an opulent altar of Gozag.
  9700 | D:10     | Entered Level 10 of the Dungeon
  9767 | D:10     | Identified a scroll of acquirement
  9768 | D:10     | Acquired a manual of Armour
  9805 | D:10     | Reached XP level 11. HP: 94/102 MP: 10/10
 10037 | D:10     | Found a flagged portal.
 10044 | Bailey   | Entered a bailey
 10183 | Bailey   | Noticed an orc sorcerer
 10194 | Bailey   | Killed an orc sorcerer
 10361 | Bailey   | Upgraded the game from 0.29-a0-22-gbf593b16ee to
                  | 0.29-a0-23-ga79f92ac9c
 10541 | Bailey   | Acquired the ring of Ekuat {rF+ rC+ Will+ MP+9}
 10610 | Bailey   | Reached ***** piety under Trog
 10618 | Bailey   | Noticed an orc knight
 10626 | Bailey   | Killed an orc knight
 10664 | Bailey   | Noticed an orc high priest
 11135 | Bailey   | Found an iron altar of Okawaru.
 11147 | Bailey   | Killed an orc high priest
 12189 | Lair:1   | Entered Level 1 of the Lair of Beasts
 12195 | Lair:1   | Reached skill level 10 in Maces & Flails
 12258 | Lair:1   | Noticed Erica
 12304 | Lair:1   | Reached skill level 5 in Shields
 12311 | Lair:1   | Found a gate leading to a gauntlet.
 12318 | Gauntlet | Entered a Gauntlet
 12318 | Gauntlet | Found a transporter.
 12318 | Gauntlet | Found a transporter.
 12526 | Gauntlet | Noticed a necromancer
 12529 | Gauntlet | Found a transporter.
 12541 | Gauntlet | Found a transporter.
 12559 | Gauntlet | Found a transporter.
 12559 | Gauntlet | Found a transporter.
 12559 | Gauntlet | Noticed a wizard
 12561 | Gauntlet | Found a transporter.
 12561 | Gauntlet | Found a transporter.
 12562 | Gauntlet | Found a transporter.
 12566 | Gauntlet | Noticed a sixfirhy
 12566 | Gauntlet | Noticed a sixfirhy
 12568 | Gauntlet | Noticed a sixfirhy
 12571 | Gauntlet | Noticed a sixfirhy
 12572 | Gauntlet | Found a runed translucent gate.
 12574 | Gauntlet | Found a transporter.
 12575 | Gauntlet | Found a runed translucent gate.
 12576 | Gauntlet | Found a runed translucent gate.
 12589 | Gauntlet | Found a runed translucent door.
 12590 | Gauntlet | Found a transporter.
 12591 | Gauntlet | Found a runed translucent door.
 12593 | Gauntlet | Noticed an orange crystal statue
 12598 | Gauntlet | Noticed a death yak
 12599 | Gauntlet | Noticed a death yak
 12599 | Gauntlet | Noticed a death yak
 12599 | Gauntlet | Noticed a death yak
 12600 | Gauntlet | Found a transporter.
 12601 | Gauntlet | Noticed a necromancer
 12608 | Gauntlet | Found a transporter.
 12645 | Gauntlet | Found a transporter.
 12695 | Gauntlet | Reached XP level 12. HP: 76/112 MP: 11/11
 12788 | Gauntlet | HP: 5/168 [sixfirhy (9)]
 13055 | Gauntlet | Identified the +1 pair of gloves "Ridiolu" {rC+ Int+6}
 13090 | Gauntlet | Noticed a minotaur
 13100 | Gauntlet | Killed a minotaur
 13289 | Lair:1   | Killed Erica
 14163 | Lair:2   | Found an opulent altar of Gozag.
 14164 | Lair:2   | Noticed a five-headed hydra
 14169 | Lair:2   | Killed a five-headed hydra
 14170 | Lair:2   | Reached skill level 15 in Armour
 14811 | Lair:2   | Reached XP level 13. HP: 73/122 MP: 12/12
 15665 | Lair:3   | Identified the +5 ring mail "Rimn" {Str+5 Stlth+}
 16098 | Lair:3   | Reached skill level 1 in Throwing
 16314 | Lair:3   | Found a staircase to the Swamp.
 16591 | Lair:4   | Found a staircase to the Snake Pit.
 16717 | Lair:4   | Received a gift from Trog
 16892 | Lair:4   | Reached skill level 15 in Maces & Flails
 18024 | Lair:5   | Found a runed translucent door.
 18025 | Lair:5   | Found a viscous altar of Jiyva.
 18026 | Lair:5   | Found a staircase to the Slime Pits.
 18166 | Lair:5   | Found a runed translucent door.
 18451 | Lair:5   | Noticed Josephine
 18461 | Lair:5   | Killed Josephine
 19018 | D:11     | Noticed Snorg
 19026 | D:11     | Killed Snorg
 19505 | D:11     | Reached XP level 14. HP: 133/133 MP: 13/13
 20015 | D:12     | Noticed Taemyero's ghost (journeyman HuFi)
 20018 | D:12     | Found a runed translucent door.
 20066 | D:12     | Reached skill level 10 in Dodging
 20554 | D:12     | Reached skill level 10 in Shields
 20589 | D:12     | Found a portal to a secret trove of treasure.
 20646 | D:12     | Reached skill level 15 in Fighting
 21042 | D:13     | Found Ziuqebu's Magic Scroll Shoppe.
 21050 | D:13     | Bought a scroll of fear for 49 gold pieces
 21050 | D:13     | Bought a scroll of teleportation for 42 gold pieces
 21050 | D:13     | Bought a scroll of fear for 49 gold pieces
 21050 | D:13     | Bought a scroll of magic mapping for 49 gold pieces
 21746 | D:13     | Reached skill level 1 in Evocations
 21754 | D:13     | Found a gate to the Vaults.
 22577 | D:14     | Found a runed translucent gate.
 22577 | D:14     | Found a runed translucent gate.
 22577 | D:14     | Found a runed translucent gate.
 22578 | D:14     | Noticed Xusyipar's ghost (journeyman DrTm)
 22621 | D:14     | Received a gift from Trog
 22707 | D:14     | Found a blossoming altar of Fedhas.
 23601 | D:12     | Killed Taemyero's ghost
 23612 | D:12     | Gained mutation: You are partially covered in iridescent
                  | scales. (AC +2) [potion of mutation]
 23612 | D:12     | Gained mutation: You passively map a small area around you.
                  | [potion of mutation]
 23768 | Orc:1    | Entered Level 1 of the Orcish Mines
 24294 | Orc:2    | Entered Level 2 of the Orcish Mines
 24480 | Orc:2    | Found a staircase to the Elven Halls.
 24556 | Orc:2    | Found Sumibbakeh's Weapon Boutique.
 24630 | Orc:2    | Found Ziastreang's Book Emporium.
 24638 | Orc:2    | Reached XP level 15. HP: 136/145 MP: 14/14
 24749 | Orc:2    | Found Ewnabbug's Weapon Shop.
 24938 | Orc:2    | Received a gift from Trog
 25098 | Orc:2    | Noticed an orc warlord
 25113 | Orc:2    | Killed an orc warlord
 25243 | Orc:2    | Found Oseanux's Antique Armour Boutique.
 25254 | Orc:2    | Found Iwopauh's Antique Weapon Shop.
 25263 | Orc:2    | Bought a glowing cloak for 195 gold pieces
 25263 | Orc:2    | Bought a pair of runed boots for 195 gold pieces
 25296 | Orc:2    | Bought a smoking hunting sling for 156 gold pieces
 25296 | Orc:2    | Identified the +11 hunting sling "Concordance" {freeze,
                  | Str+2 Int+4} (You bought it in a shop on level 2 of the
                  | Orcish Mines)
 25296 | Orc:2    | Bought a runed demon whip for 432 gold pieces
 25585 | D:14     | Killed Xusyipar's ghost
 25630 | D:15     | Entered Level 15 of the Dungeon
 25659 | D:15     | Found a frozen archway.
 25678 | D:15     | Reached ****** piety under Trog
 25694 | IceCv    | Entered an ice cave
 26085 | IceCv    | Received a gift from Trog
 26770 | IceCv    | Noticed a frost giant
 26770 | IceCv    | Noticed a frost giant
 26783 | IceCv    | Killed a frost giant
 26790 | IceCv    | Killed a frost giant
 27974 | D:15     | Reached skill level 1 in Slings
 28207 | D:15     | Found a staircase to the Depths.
 28363 | D:15     | Received a gift from Trog
 28493 | D:15     | Identified the amulet of the Seven Wishes {Reflect +Inv
                  | rF++ Regen+ Dex-5 SH+5}
 28518 | D:15     | Noticed Kirke
 28525 | D:15     | Found a shimmering altar of Xom.
 28537 | D:15     | Killed Kirke
 28713 | D:15     | Noticed Azrael
 28728 | D:15     | Killed Azrael
 28828 | D:15     | Reached XP level 16. HP: 157/157 MP: 15/15
 29247 | Snake:1  | Entered Level 1 of the Snake Pit
 29292 | Snake:1  | Reached skill level 5 in Slings
 29450 | Snake:1  | Reached skill level 15 in Shields
 29559 | Snake:1  | Reached XP level 17. HP: 163/163 MP: 18/18
 30052 | Snake:2  | Received a gift from Trog
 30100 | Snake:2  | Noticed Vashnia
 30133 | Snake:2  | Killed Vashnia
 30543 | Snake:2  | Noticed Aizul
 30553 | Snake:2  | Killed Aizul
 30771 | Snake:2  | Noticed Louise
 30789 | Snake:2  | Killed Louise
 30968 | Snake:2  | Received a gift from Trog
 31457 | Snake:3  | Noticed Jorgrun
 31472 | Snake:3  | Killed Jorgrun
 31473 | Snake:3  | Reached skill level 10 in Slings
 31770 | Snake:3  | Reached XP level 18. HP: 154/174 MP: 19/19
 31898 | Snake:3  | Found Noirayt's Book Emporium.
 31926 | Snake:3  | Found Voitwog's Jewellery Shop.
 31928 | Snake:3  | Found Doemy's Book Emporium.
 31939 | Snake:3  | Bought the ring of Odwyupoaga {rF- rCorr Slay+5 SInv} for
                  | 790 gold pieces
 32023 | Snake:3  | Noticed Asterion
 32038 | Snake:3  | Killed Asterion
 32052 | Snake:3  | Received a gift from Trog
 32133 | Snake:3  | Identified the +1 chain mail "Linnua Ylui" {Harm Regen+}
 32501 | Snake:4  | Entered Level 4 of the Snake Pit
 32653 | Snake:4  | Found Qeados's Armour Boutique.
 32659 | Snake:4  | Found a runed translucent gate.
 32659 | Snake:4  | Found a runed translucent gate.
 32659 | Snake:4  | Found a runed translucent gate.
 32782 | Lair:6   | Entered Level 6 of the Lair of Beasts
 32785 | Lair:6   | Acquired a manual of Fighting
 33366 | Lair:6   | Received a gift from Trog
 33613 | Lair:6   | Identified the +0 leather armour of Feppon {-Cast rPois rN+
                  | Str+3}
 33970 | Swamp:1  | Entered Level 1 of the Swamp
 34157 | Swamp:1  | Upgraded the game from 0.29-a0-23-ga79f92ac9c to
                  | 0.29-a0-25-g7f48f510a0
 34899 | Swamp:2  | Received a gift from Trog
 36183 | Swamp:4  | Entered Level 4 of the Swamp
 36359 | Swamp:4  | Received a gift from Trog
 36464 | Swamp:4  | Reached XP level 19. HP: 186/190 MP: 20/20
 37071 | Swamp:4  | Got a decaying rune of Zot
 37496 | D:7      | Bought a scroll of enchant armour for 105 gold pieces
 37712 | Snake:4  | Noticed Zonian's ghost (adept DjIE)
 37712 | Snake:4  | Noticed Gonliqab's ghost (journeyman MiFi)
 37713 | Snake:4  | Noticed dolemite99's ghost (adept DsBe)
 37714 | Snake:4  | Noticed mitch45678's ghost (adept GnMo)
 37947 | Snake:4  | Identified Roxanne's Catalogue of Transformation
 37947 | Snake:4  | Noticed Roxanne
 37958 | Snake:4  | Killed Roxanne
 38200 | Snake:4  | Received a gift from Trog
 38331 | Snake:4  | Got a serpentine rune of Zot
 39180 | Vaults:1 | Entered Level 1 of the Vaults
 39279 | Vaults:1 | Found Kyifuded's Armour Boutique.
 39774 | Vaults:1 | Received a gift from Trog
 40764 | Vaults:2 | Reached XP level 20. HP: 206/206 MP: 21/21
 40823 | Vaults:2 | Reached skill level 5 in Throwing
 40871 | Vaults:2 | Received a gift from Trog
 41480 | Vaults:2 | Received a gift from Trog
 41505 | Vaults:2 | Found a staircase to the Crypt.
 41523 | Vaults:2 | Found Kepac's Distillery.
 41534 | Vaults:2 | Bought a potion of attraction for 60 gold pieces
 41534 | Vaults:2 | Bought a potion of might for 80 gold pieces
 41534 | Vaults:2 | Bought a potion of curing for 60 gold pieces
 41534 | Vaults:2 | Bought a potion of might for 80 gold pieces
 41534 | Vaults:2 | Bought a potion of heal wounds for 100 gold pieces
 41534 | Vaults:2 | Bought a potion of heal wounds for 100 gold pieces
 41534 | Vaults:2 | Bought a potion of heal wounds for 100 gold pieces
 41534 | Vaults:2 | Bought a potion of heal wounds for 100 gold pieces
 41534 | Vaults:2 | Bought a potion of haste for 200 gold pieces
 41716 | Vaults:2 | Reached skill level 15 in Dodging
 42567 | Elf:1    | Entered Level 1 of the Elven Halls
 42657 | Elf:1    | You fall into a shaft and drop 1 floor!
 42790 | Elf:2    | Found a runed translucent gate.
 42790 | Elf:2    | Found a runed translucent gate.
 42791 | Elf:2    | Found a runed translucent gate.
 42866 | Elf:2    | Received a gift from Trog
 43057 | Elf:2    | Found Ycuyfif's Book Boutique.
 43063 | Elf:2    | Paralysed by an air elemental for 1 turns
 43067 | Elf:2    | Paralysed by an air elemental for 1 turns
 43202 | Elf:2    | Reached skill level 5 in Evocations
 43388 | Elf:2    | Received a gift from Trog
 43520 | Elf:2    | Reached XP level 21. HP: 208/214 MP: 22/22
 43520 | Elf:2    | Paralysed by an air elemental for 1 turns
 43638 | Elf:1    | Paralysed by an air elemental for 1 turns
 43643 | Elf:1    | Paralysed by an air elemental for 1 turns
 44343 | Elf:1    | Found Acosag's Distillery.
 44346 | Elf:1    | Bought a potion of heal wounds for 75 gold pieces
 44346 | Elf:1    | Bought a potion of heal wounds for 75 gold pieces
 44346 | Elf:1    | Bought a potion of curing for 45 gold pieces
 44346 | Elf:1    | Bought a potion of might for 60 gold pieces
 44346 | Elf:1    | Bought a potion of invisibility for 120 gold pieces
 44346 | Elf:1    | Bought a potion of curing for 45 gold pieces
 44346 | Elf:1    | Bought a potion of curing for 45 gold pieces
 44610 | Elf:3    | Entered Level 3 of the Elven Halls
 44720 | Elf:3    | Received a gift from Trog
 44807 | Elf:3    | Noticed Saint Roka
 44811 | Elf:3    | Paralysed by an air elemental for 1 turns
 44825 | Elf:3    | Killed Saint Roka
 45506 | Elf:3    | Received a gift from Trog
 45968 | Elf:3    | Received a gift from Trog
 46068 | Elf:3    | Identified the +1 spear "Cac Itir" {drain, rN+ Will- Dex+8}
 46151 | Elf:3    | Reached skill level 5 in Stealth
 46421 | Elf:3    | Identified the +0 scale mail of Conscience {rPois Slay+2
                  | Stlth+}
 47378 | Vaults:3 | Received a gift from Trog
 47416 | Vaults:3 | Reached XP level 22. HP: 214/222 MP: 23/23
 47439 | Vaults:3 | Noticed Donald
 47455 | Vaults:3 | Killed Donald
 47951 | Vaults:3 | Identified the +8 quarterstaff "Kab Ufinep" {flame, Fragile
                  | rC++ Int+2 Stlth+}
 48220 | Vaults:4 | Received a gift from Trog
 48610 | Vaults:4 | Received a gift from Trog
 48907 | Vaults:5 | Entered Level 5 of the Vaults
 48907 | Vaults:5 | Noticed Margery
 48911 | Vaults:5 | Noticed a dread lich
 48919 | Vaults:5 | Killed Margery
 48932 | Vaults:5 | Noticed a dread lich
 48937 | Vaults:5 | Killed a dread lich
 49064 | Vaults:4 | Killed a dread lich
 49071 | Vaults:4 | Received a gift from Trog
 49334 | Vaults:5 | Reached XP level 23. HP: 206/229 MP: 24/24
 49407 | Vaults:5 | Identified the +7 spear "Giprunec" {vorpal, rPois rF+ Int+7
                  | SInv}
 49587 | Vaults:5 | Received a gift from Trog
 49643 | Vaults:5 | Noticed a dread lich
 49722 | Vaults:5 | Killed a dread lich
 50327 | Vaults:5 | Reached skill level 10 in Stealth
 50336 | Vaults:5 | Identified the ring "Feriu" {rF+ rC+ rN+ Str+2 SInv}
 50350 | Vaults:5 | Received a gift from Trog
 50605 | Vaults:5 | Identified the +5 falchion of the Foot {protect, Stlth+}
 51095 | Vaults:5 | Got a silver rune of Zot
 51669 | Snake:4  | Killed Zonian's ghost
 51672 | Snake:4  | Killed dolemite99's ghost
 51677 | Snake:4  | Killed Gonliqab's ghost
 51684 | Snake:4  | Killed mitch45678's ghost
 52101 | Depths:1 | Entered Level 1 of the Depths
 52225 | Depths:1 | Found Lacwutre's Neck Hole.
 52233 | Depths:1 | Bought a scarf of resistance for 480 gold pieces
 52380 | Depths:1 | Found a gateway to Hell.
 52382 | Depths:1 | Found a corrupted altar of Lugonu.
 52382 | Depths:1 | Found a one-way gate to the infinite horrors of the Abyss.
 52707 | Depths:1 | Found Ynem's Antique Armour Shop.
 52715 | Depths:1 | Bought a runed cloak for 217 gold pieces
 53023 | Depths:1 | Found a one-way gate leading to the halls of Pandemonium.
 53097 | Depths:1 | Identified the +5 fustibalus "Catugi Keyn" {flame, rElec
                  | Will- Str+4 Int+3}
 53123 | Depths:1 | Found a one-way gateway to a ziggurat.
 53568 | Slime:1  | Entered Level 1 of the Pits of Slime
 53779 | Slime:1  | Reached XP level 24. HP: 237/238 MP: 24/24
 54398 | Slime:2  | Received a gift from Trog
 54828 | Slime:3  | Noticed Dissolution
 54835 | Slime:3  | Killed Dissolution
 55410 | Slime:5  | Entered Level 5 of the Pits of Slime
 55441 | Slime:5  | Gained mutation: You are mostly covered in iridescent
                  | scales. (AC +4) [a shining eye]
 55444 | Slime:5  | Gained mutation: You are agile. (Dex +2) [a shining eye]
 55577 | Slime:5  | Lost mutation: You are mostly covered in iridescent scales.
                  | (AC +4) [a shining eye]
 55578 | Slime:5  | Gained mutation: You are weak. (Str -2) [a shining eye]
 55765 | Slime:5  | Found a viscous altar of Jiyva.
 55766 | Slime:5  | Noticed the Royal Jelly
 55818 | Slime:5  | Killed the Royal Jelly
 55818 | Slime:5  | Received a gift from Trog
 56015 | Slime:5  | Identified the +3 battleaxe of the Horn {venom, rElec rC-
                  | Str+4}
 56018 | Slime:5  | Identified the +0 kite shield of Zin's Benevolence {Will+}
 56029 | Slime:5  | Identified the +5 hunting sling of Deflation {vorpal, MP-9
                  | SInv Stlth+}
 56056 | Slime:5  | Identified the +4 fustibalus of Epsuttuus {venom, rC+}
 56076 | Slime:5  | Got a slimy rune of Zot
 57013 | Crypt:1  | Entered Level 1 of the Crypt
 57320 | Crypt:1  | You fall into a shaft and drop 1 floor!
 58047 | Crypt:1  | Received a gift from Trog
 58360 | Crypt:1  | Found a runed translucent door.
 58361 | Crypt:1  | Noticed a dread lich
 58463 | Crypt:1  | Acquired a manual of Stealth
 58714 | Crypt:1  | Killed a dread lich
 59071 | Depths:2 | Reached XP level 25. HP: 245/245 MP: 24/24
 59138 | Depths:2 | Reached skill level 10 in Evocations
 59328 | Depths:2 | Found a magical portal.
 59346 | WizLab   | Entered Wucad Mu's Monastery
 59557 | WizLab   | Found the +9 staff of Wucad Mu {*channel}
 59750 | Depths:2 | Found a runed translucent gate.
 59750 | Depths:2 | Found a runed translucent gate.
 59750 | Depths:2 | Found a runed translucent gate.
 59832 | Depths:2 | Reached XP level 26. HP: 254/254 MP: 24/24
 59835 | Depths:2 | Acquired a manual of Throwing
 60088 | Depths:2 | Received a gift from Trog
 60119 | Depths:2 | Identified the +5 giant club of Ignis's Envy {venom, *Noise
                  | rPois rC+}
 60119 | Depths:2 | Identified the +5 giant club "Hell-Harrower" {spect, rC-
                  | rCorr Str+4 Dex+2}
 60119 | Depths:2 | Cast into level 2 of the Abyss (spriggan rider)
 60413 | Depths:2 | Escaped the Abyss
 60485 | Depths:2 | Noticed the Enchantress
 60509 | Depths:2 | Killed the Enchantress
 61516 | Depths:3 | Received a gift from Trog
 61520 | Depths:3 | Found a transporter.
 61559 | Depths:3 | Found a shimmering altar of Xom.
 61781 | Depths:3 | Found a glowing silver altar of Zin.
 62004 | Depths:3 | Noticed a juggernaut
 62011 | Depths:3 | Killed a juggernaut
 62029 | Depths:3 | Reached skill level 15 in Evocations
 62136 | Depths:3 | Identified the ring of Circularity {rPois Int+3}
 62163 | Depths:3 | Found a transporter.
 62314 | Depths:3 | Identified the ring of Othyemim {rElec Dex+6}
 62340 | Depths:3 | Received a gift from Trog
 62497 | Depths:3 | Found a shimmering altar of Xom.
 62536 | Depths:3 | Identified the ring of Qivoasug {Fly rPois rN+ Dex+3}
 62623 | Depths:4 | Entered Level 4 of the Depths
 62888 | Depths:4 | Found a runed translucent door.
 62888 | Depths:4 | Found a runed translucent door.
 63053 | Depths:4 | Found a runed translucent door.
 63053 | Depths:4 | Found a runed translucent door.
 63057 | Depths:4 | Identified the +11 great mace of Radicalism {elec, rF+
                  | Stlth+}
 63065 | Depths:4 | Found a runed translucent door.
 63065 | Depths:4 | Found a gate to the Realm of Zot.
 63140 | Depths:4 | Found a runed translucent door.
 63187 | Depths:4 | Reached XP level 27. HP: 245/261 MP: 24/24
 63757 | Depths:4 | Noticed Frederick
 63764 | Depths:4 | Killed Frederick
 63764 | Depths:4 | Received a gift from Trog
 64342 | Zot:1    | Entered Level 1 of the Realm of Zot
 64730 | Zot:1    | Found a runed translucent door.
 64738 | Zot:1    | Noticed badatthis's ghost (master DjCj)
 65492 | Zot:1    | Killed badatthis's ghost
 66226 | Zot:2    | Received a gift from Trog
 66569 | Zot:2    | Noticed an orb of fire
 66581 | Zot:2    | Killed an orb of fire
 67081 | Zot:3    | HP: 18/391 [purple draconian/bolt of dispelling energy
                  | (12)]
 67082 | Zot:3    | HP: 7/261 [poisoned by a green draconian (poison gas)]
 67083 | Zot:3    | Killed from afar by a storm dragon

Illustrated notes

Levels and vault maps discovered:
D:1:      minmay_arrival_semitransparent, layout_basic,
          hellmonk_ecumenical_altar_pennies_from_heaven, minivault_24
D:2:      layout_basic, serial_shops, nicolae_shop_statue_plus, corexii_shack,
          serial_bayou_pond_b, uniq_sigmund
D:3:      layout_rooms
D:4:      layout_rooms, serial_shops, nicolae_inconvenience_store,
          chequers_serial_rivers_small_3, minmay_quantized
D:5:      layout_cave_pools, grunt_temple_overflow_open,
          minmay_temple_entry_gardened_gates
D:6:      layout_loops_ring, serial_shops, nicolae_shop_window_shopping,
          nicolae_concentric_dashed_squares_wild, minmay_misc_feat_rugged
D:7:      minmay_the_grid_four_pointed_star
          [minmay_the_grid_triangle_9x9_corrupted_corridor,
          minmay_the_grid_triangle_9x9_sprig,
          minmay_the_grid_triangle_9x9_thin_v,
          minmay_the_grid_triangle_9x9_flanged_cone,
          minmay_the_grid_prize_shrinking_boxes], layout_gridville,
          mainiacjoe_overflow_alcove_4, nicolae_ossuary_entry_catacombs,
          serial_shops, shop_coins, uniq_duvessa
D:8:      gammafunk_indiana_jones, layout_loops_ring,
          due_lair_maze_entry_diamond, serial_shops, nicolae_square_shop
D:9:      layout_stronghold, grunt_gozag_statues, orc_0_dummy
D:10:     layout_rooms, enter_bailey_2, serial_ice, serial_ice_l, serial_ice_e,
          serial_ice_d, serial_ice_o
D:11:     layout_gridville, nicolae_water_bricks, uniq_snorg
D:12:     layout_basic, hellmonk_ghost_happy_afterlife, enter_trove_1
D:13:     layout_stronghold, ximxim_vaults_locker_room, serial_shops, shop,
          serial_bayou, serial_bayou_crossing, serial_bayou_pond_a,
          serial_bayou_pond_b, serial_bayou_pond_a, serial_bayou_pond_e
D:14:     layout_cave_pods, ebering_ghost_rock_garden, fedhas_altar_1,
          grunt_decor_mini_mirrors
D:15:     grunt_enter_depths_magical_seal, layout_loops_cross, xom_teletrap_fun,
          portal_ice_cave_entry_ice_simulacra, uniq_azrael, uniq_kirke
Lair:1:   layout_regular_city, gauntlet_entry_generic,
          nicolae_quartered_pool_medium, columned_hall_lemuel,
          infiniplex_staircase_pool_2, serial_bayou_shore_b, uniq_erica
Lair:2:   layout_hall_layers, special_room [special_room_bee], basic_altar
Lair:3:   hellmonk_warped_wall, layout_layer_cave, palyth_hydra_swamp_entry,
          grunt_megastairs_3
Lair:4:   layout_cave_pods, dummy_snake_entry, serial_bayou_shore_b
Lair:5:   gammafunk_mikee_crab_dinner, layout_loops_ring, slime_altar_2,
          kennysheep_catoblepas_arena, uniq_josephine
Lair:6:   guppyfry_lair_end_dragon, layout_misc_corridors,
          hangedman_lair_caniforms_friends, infiniplex_staircase_pool,
          lemuel_fruit_fields
Swamp:1:  layout_basic_swamp, evilmike_swamp_ruin_house_3,
          nicolae_swamp_bunyip_nook
Swamp:2:  layout_falls_marsh, nicolae_swamp_little_swirl, kb_tengu_band
Swamp:3:  layout_falls_marsh, evilmike_swamp_ruin_house_2
Swamp:4:  swamp_fiery, layout_basic_swamp
Snake:1:  layout_concentric_octagons, grunt_megastairs_1
Snake:2:  layout_cave_shapes, nicolae_snake_biting_tails,
          nicolae_snake_snake_lake, lemuel_fruit_tree, uniq_aizul, uniq_louise,
          uniq_vashnia
Snake:3:  layout_misc_corridors, minmay_shop_grove, grunt_megastairs_5,
          uniq_jorgrun, uniq_asterion
Snake:4:  hellmonk_snake_rune_quicksilver_temple, layout_cave_town,
          gammafunk_ghost_cemetery, serial_shops, shop, uniq_roxanne
Slime:1:  layout_caves
Slime:2:  layout_caves
Slime:3:  layout_caves, dissolution_awaits
Slime:4:  layout_caves
Slime:5
Orc:1:    layout_diamond_mine
Orc:2:    grunt_orc_community_town_hall, layout_caves,
          grunt_orc_community_big_house_2, grunt_orc_community_big_house_2,
          grunt_orc_community_house_1, grunt_orc_community_house_2,
          grunt_orc_community_house_2, grunt_orc_community_house_3,
          serial_shops, nicolae_shop_statue_plus, nicolae_orc_rockfall
Elf:1:    nicolae_elf_arrival_fired_up, layout_loops_corners, serial_shops,
          nicolae_shop_behind_doors, hangedman_elf_represent, drop_trap
Elf:2:    elven_hall_of_blades_hangedman_original
          [nicolae_blade_entry_antechamber], layout_geoelf_diagonals,
          serial_shops, nicolae_stop_n_shop_2
Elf:3:    nooodl_elf_gasket, layout_loops_corners, minivault_20, st_stairs_1,
          uniq_saint_roka
Vaults:1: ontoclasm_vaults_bender, nicolae_vaults_puzzle_piece, v_misc_31,
          nicolae_vaults_border_crossing, v_alt_pattern_6, vaults_room_pool,
          nicolae_vaults_specimen_jars, vaults_room_pool,
          layout_vaults_omnigrid, serial_shops, shop
Vaults:2: grunt_vaults_bifocal, minmay_crypt_entry_simple_plaza,
          nicolae_vaults_network_star, nicolae_vaults_alarming,
          nicolae_vaults_stairing_the_circle, dpeg_vaults_monster_row, v_misc_4,
          serial_ice_m, nicolae_vaults_shelves_hall, vaults_dpeg_cross,
          v_rooms_1, nicolae_vaults_little_squares_3,
          nicolae_vaults_ring_of_whatevers, layout_vaults_big_cross,
          serial_shops, shop
Vaults:3: nicolae_vaults_minivaults, v_misc_4, v_pattern_5,
          nicolae_vaults_network_barrier, v_rooms_4,
          nicolae_vaults_little_squares_1, layout_vaults_big_room, uniq_donald
Vaults:4: vaults_mumra_hexcomb, ontoclasm_vaults_idyll, vaults_mumra_hex,
          vaults_standard_mumra_lines, v_misc_9, v_alt_pattern_1, v_pattern_1,
          nicolae_vaults_three_branches, layout_vaults_omnibox
Vaults:5: serial_shops, uniq_margery
Crypt:1:  cheibrodos_crypt_cold_storage, layout_gridlike
Crypt:2:  layout_gridlike, grunt_ministairs_9
Depths:1: layout_gridlike, enter_ziggurat_c, pan_entry, serial_shops, shop,
          pf_coc_iceberg, hangedman_decor_push, abyss_entry_flame_altar,
          nicolae_shop_sticking_my_neck_out
Depths:2: grunt_forest_end_chambers, layout_basic, kennysheep_nondescript,
          abyss_entry_small_statue_room, hell_entry, grunt_pan_entry_zigzag,
          infiniplex_enter_wizlab_water, grunt_ministairs_14, pandoras_box_mu
Depths:3: hangedman_spin_cycle, abyss_entry, hell_entry
Depths:4: evilmike_zot_entry_castle, layout_gridlike,
          grunt_hell_entry_dis_grunt, abyss_entry, uniq_frederick
Zot:1:    layout_gridlike, ebering_ghost_inner_flame,
          nicolae_rock_paper_scissors
Zot:2:    kennysheep_spiral_hall, layout_basic
Zot:3:    lemuel_firehouse, layout_onion_interference

Skill      XL: |  1  2  3  4  5  6  7  8  9 10 11 12 13 14 15 16 17 18 19 20 21 22 23 24 25 26 27 |
---------------+----------------------------------------------------------------------------------+-----
Axes           | 4 6 |  6.2
Fighting       | 4 5 6 8 10 11 13 14 16 17 18 21 24 | 24.3
Dodging        | 3 4 5 6 7 8 9 11 12 13 14 15 17 20 23 24 | 24.9
Armour         | 3 5 6 9 10 11 13 15 16 17 18 19 20 23 24 | 24.1
Stealth        | 1 2 5 8 10 11 | 11.4
Shields        | 1 3 4 5 7 9 12 14 15 16 17 20 23 24 | 24.4
Maces & Flails | 7 11 14 15 | 15.5
Throwing       | 1 3 4 6 |  6.1
Evocations     | 1 2 3 4 5 6 7 8 9 11 17 20 | 20.2
Slings         | 4 6 10 12 | 12.4
Invocations    | 3 |  3.5

Action                   |  1- 3 |  4- 6 |  7- 9 | 10-12 | 13-15 | 16-18 | 19-21 | 22-24 | 25-27 || total
-------------------------+-------+-------+-------+-------+-------+-------+-------+-------+-------++-------
Melee: Hand axe          |    39 |       |       |       |       |       |       |       |       ||    39
       Headbutt          |     8 |    23 |    49 |    94 |   256 |   115 |   336 |   564 |   459 ||  1904
       War axe           |    10 |    97 |       |       |       |       |       |       |       ||   107
       Punch             |     1 |       |       |       |       |       |       |       |       ||     1
       Whip              |       |    21 |   213 |     6 |       |       |       |       |       ||   240
       Morningstar       |       |       |       |   554 |   608 |       |       |       |       ||  1162
       Demon whip        |       |       |       |       |   350 |   510 |  1157 |  1618 |  1434 ||  5069
 Fire: Hunting sling     |       |       |       |       |    53 |   624 |   182 |   138 |    24 ||  1021
Throw: Boomerang         |       |       |       |    11 |    48 |    15 |    46 |     8 |     1 ||   129
Invok: Berserk           |       |     1 |     4 |    11 |     6 |     4 |     3 |     9 |     5 ||    43
       Trog's Hand       |       |       |     3 |     6 |     4 |     3 |    10 |    10 |    15 ||    51
 Abil: Evoke Invisibilit |       |       |       |       |       |       |     1 |     1 |       ||     2
Evoke: Lightning rod     |       |       |       |     6 |     2 |     2 |     1 |       |       ||    11
       Wand              |       |       |       |       |     2 |     3 |       |       |       ||     5
       Condenser vane    |       |       |       |       |     2 |     2 |     7 |     5 |     4 ||    20
       Box of beasts     |       |       |       |       |     2 |     1 |     4 |     2 |     1 ||    10
       Phial of floods   |       |       |       |       |     1 |       |     2 |       |       ||     3
       Tin of tremorston |       |       |       |       |       |       |     5 |     5 |     2 ||    12
       Phantom mirror    |       |       |       |       |       |       |       |     1 |       ||     1
  Use: Scroll            |       |       |     6 |    15 |    17 |     9 |    10 |     8 |     5 ||    70
       Potion            |       |       |     2 |     6 |     1 |     1 |     2 |     1 |    10 ||    23
 Stab: Sleeping          |     1 |       |       |       |     6 |       |     3 |    26 |    25 ||    61
       Confused          |       |       |       |       |     8 |       |       |     3 |       ||    11
       Distracted        |       |       |       |       |     1 |       |     1 |     2 |     3 ||     7
       Invisible         |       |       |       |       |       |       |       |     7 |       ||     7
Armor: Animal skin       |    10 |       |       |       |       |       |       |       |       ||    10
       Ring mail         |     1 |    48 |    71 |    15 |   229 |   180 |   239 |   268 |    66 ||  1117
       Chain mail        |       |       |       |   160 |       |       |       |       |       ||   160
       Plate armour      |       |       |       |    78 |    23 |       |       |       |       ||   101
       Acid dragon scale |       |       |       |       |       |       |       |       |   160 ||   160
Dodge: Dodged            |    39 |    77 |   168 |   285 |   334 |   145 |   182 |   248 |   306 ||  1784
Block: Buckler           |       |     1 |    36 |   186 |   142 |       |       |       |       ||   365
       Reflection        |       |       |       |       |    32 |    61 |   131 |    84 |    29 ||   337
       Kite shield       |       |       |       |       |   439 |   224 |       |       |       ||   663
       Tower shield      |       |       |       |       |       |   322 |  1076 |  1456 |  1462 ||  4316

Table legend: (Time is in decaauts)
 A = Elapsed time spent in this place.
 B = Non-inter-level travel time spent in this place.
 C = Inter-level travel time spent in this place.
 D = Time resting spent in this place.
 E = Time spent auto-exploring this place.
 F = Levels seen in this place.
 G = Mean time per level.
                   A        B        C        D        E       F      G
               +--------+--------+--------+--------+--------+-----+--------+
         Total |  65495 |  58245 |   7250 |   5316 |  39106 |  58 | 1129.2 |
       Dungeon |  18824 |  15394 |   3430 |   1187 |  11208 |  15 | 1254.9 |
          Lair |   7872 |   6728 |   1144 |    370 |   5106 |   6 | 1312.0 |
         Swamp |   3589 |   3393 |    196 |    513 |   1954 |   4 |  897.2 |
     Snake Pit |   4847 |   4353 |    494 |     52 |   3041 |   4 | 1211.8 |
    Slime Pits |   2764 |   2524 |    240 |    178 |   1572 |   5 |  552.8 |
  Orcish Mines |   1655 |   1570 |     85 |      0 |   1195 |   2 |  827.5 |
   Elven Halls |   3731 |   3548 |    183 |    309 |   2295 |   3 | 1243.7 |
        Vaults |   7597 |   6610 |    987 |    594 |   4338 |   5 | 1519.4 |
         Crypt |   1652 |   1548 |    104 |     45 |   1075 |   2 |  826.0 |
        Depths |   5308 |   4992 |    316 |    352 |   3175 |   4 | 1327.0 |
           Zot |   2582 |   2515 |     67 |    648 |   1407 |   3 |  860.7 |
         Abyss |    246 |    246 |      0 |      0 |    108 |   1 |  246.0 |
        Bailey |   1791 |   1791 |      0 |   1034 |    424 |   1 | 1791.0 |
      Ice Cave |   1747 |   1747 |      0 |     30 |   1229 |   1 | 1747.0 |
        Wizlab |    331 |    331 |      0 |      0 |    253 |   1 |  331.0 |
      Gauntlet |    952 |    952 |      0 |      0 |    724 |   1 |  952.0 |
               +--------+--------+--------+--------+--------+-----+--------+

Top non-repeatable levels by time:
     D:8: 2500 daAuts
Vaults:2: 1943 daAuts
     D:7: 1908 daAuts
    D:13: 1897 daAuts
  Lair:3: 1886 daAuts
  Bailey: 1791 daAuts
   Elf:3: 1762 daAuts
   IceCv: 1747 daAuts
Vaults:5: 1717 daAuts
Vaults:1: 1629 daAuts
Depths:4: 1610 daAuts
    D:12: 1571 daAuts
Depths:2: 1501 daAuts
 Snake:4: 1373 daAuts
  Lair:1: 1310 daAuts
